[Event "*** Titled Tuesday Blitz"]
[Site "Chess.com"]
[Date "2020.04.07"]
[Round "1"]
[White "rubhani"]
[Black "AryanTari"]
[Result "0-1"]
[WhiteElo "2461"]
[BlackElo "2894"]
[TimeControl "180+1"]
[EndTime "13:06:31 PDT"]
[Termination "AryanTari won by resignation"]

1. e4 c6 2. d4 d5 3. e5 Bf5 4.
Nf3 e6 5. Be2 Ne7 6. O-O c5 7. c4 Nbc6 8. Nc3 cxd4 9. Nb5 Ng6 10. Nfxd4 dxc4 11. Nxf5 exf5 12. e6 fxe6 13. Bxc4 a6 14.
Qxd8+ Rxd8 15. Nc7+ Kd7 16. Nxe6 Re8 17. Rd1+ Kc8 18.
Nxf8 Rhxf8 19. Bd2 Nge5 20. Bf1 f4 21. Bc3 Rd8 22.
Rxd8+ Rxd8 23. Re1 Rd5 24. f3 g5 25. Kf2 b5 26. h3 Kb7 27. a3 Kb6 28. Be2 a5 29.
Rd1 Rxd1 30. Bxd1 b4 31. axb4 axb4 32. Bxe5 Nxe5 33. Ke2 Kc5 34. Bb3 Kd4 35. Kd2 Nd3 36.
Bg8 Nxb2 37. Bxh7 b3 38. Bg8 Nc4+ 39. Bxc4 Kxc4 40. Kc1 Kc3 41. Kb1 b2 0-1

[Event "*** Titled Tuesday Blitz"]
[Site "Chess.com"]
[Date "2020.04.07"]
[Round "1"]
[White "TheBigBoss04"]
[Black "JakeCarlosBanawa"]
[Result "1-0"]
[WhiteElo "2802"]
[BlackElo "2419"]
[TimeControl "180+1"]
[EndTime "13:06:31 PDT"]
[Termination "TheBigBoss04 won by resignation"]

1. Nf3 c5 2. g3 Nc6 3. d4 cxd4 4. Nxd4 g6 5. Bg2 Bg7 6. Nxc6 bxc6 7. c4 Rb8 8. Nc3 Qa5 9. O-O Bxc3 10. bxc3 Qxc3 11.
Bf4 Rb6 12. Be3 Qxc4 13. Bxb6 axb6 14. Rc1 Qxa2 15. Qd4 Nf6 16. Qxb6 O-O 17. Qe3 Re8 18. Ra1 Qc4 19. Rfc1 Qb5 20. Rcb1 Qf5 21. Rb8 d5 22.
Qc5 Bd7 23. Rxe8+ Nxe8 24. Qxe7 Qe6 25. Qd8 Kg7 26. Ra7 Nf6 27. Bf3 c5 28. Qc7 c4 29.
Qc5 g5 30. Qd4 g4 31. Bxd5 Qxe2 32. Rxd7 Qe1+ 33. Kg2 c3 34. Rxf7+ 1-0

[Event "*** Titled Tuesday Blitz"]
[Site "Chess.com"]
[Date "2020.04.07"]
[Round "1"]
[White "Stameny"]
[Black "Evgeny81"]
[Result "1/2-1/2"]
[WhiteElo "2441"]
[BlackElo "2740"]
[TimeControl "180+1"]
[EndTime "13:06:32 PDT"]
[Termination "Game drawn by agreement"]

1. d4 d5 2. Nf3 Nf6 3. Bg5 Nbd7 4. e3 g6 5. Nbd2 Bg7 6. c4 c6 7. Be2 O-O 8. O-O b6 9. Rc1 Bb7 10. cxd5 cxd5 11. Qa4 a6 12. h3 Ne4 13. Bh4 b5 14. Qa3 Re8 15. Nb3 Nb6 16. Na5 Qd7 17. b3 f6 18. Bd3 e6 19. Rc2 Bf8 20. Qb2 g5 21. Bg3 Nxg3 22. fxg3 Bd6 23. g4 Rac8 24.
Nxb7 Qxb7 25. Rfc1 Rxc2 26. Qxc2 Rc8 27. Qb1 Rxc1+ 28. Qxc1 Qc7 29. Qxc7 Bxc7 30. Kf2 Nc8 31. e4 dxe4 32. Bxe4 Nd6 33. Bc6 b4 34. Ke3 Kf7 35.
Nd2 Bb6 36. Kd3 Ke7 37. Nc4 Nxc4 38. Kxc4 a5 39. Be4 h6 40. d5 exd5+ 41. Kxd5 1/2-1/2

[Event "*** Titled Tuesday Blitz"]
[Site "Chess.com"]
[Date "2020.04.07"]
[Round "1"]
[White "TheCavemanChesss"]
[Black "shanemelaughcm"]
[Result "1-0"]
[WhiteElo "2605"]
[BlackElo "2268"]
[TimeControl "180+1"]
[EndTime "13:06:33 PDT"]
[Termination "TheCavemanChesss won by resignation"]

1. e4 d6 2. d4 Nf6 3. Nc3 Nbd7 4. Nf3 e5 5. Be2 Be7 6. O-O c6 7. h3 Qc7 8. Be3 h6 9. d5 Nf8 10. Nd2 g5 11. a4 Ng6 12. a5 Bd7 13. a6 b6 14.
dxc6 Bxc6 15. Bb5 Rd8 16. Qe2 Nf4 17. Qc4 Rc8 18. Kh2 Ne6 19. Bxc6+ Qxc6 20. Qxc6+ Rxc6 21. Nb5 Rxc2 22. Nxa7 O-O 23. Rfc1 Rxb2 24. Nc6 Nc5 25.
a7 Ra8 26. Nxe7+ Kf8 27. Nc4 d5 28. Nxd5 Nfxe4 29. Nxb2 1-0

[Event "*** Titled Tuesday Blitz"]
[Site "Chess.com"]
[Date "2020.04.07"]
[Round "1"]
[White "Mostii"]
[Black "Man-Chuk"]
[Result "0-1"]
[WhiteElo "2406"]
[BlackElo "2771"]
[TimeControl "180+1"]
[EndTime "13:06:34 PDT"]
[Termination "Man-Chuk won on time"]

1. d4 Nf6 2. Nf3 e6 3. g3 d5 4. Bg2 c5 5. O-O Nc6 6. b3 Bd7 7. Bb2 Rc8 8. Nbd2 cxd4 9. Nxd4 Bc5 10. Nxc6 bxc6 11. c4 O-O 12. e4 a5 13. Bxf6 Qxf6 14. exd5 cxd5 15. cxd5 exd5 16. Bxd5 Bh3 17. Bg2 Bxg2 18. Kxg2 Rfd8 19. Ne4 Qg6 20. Qf3 Ba3 21. Rad1 Re8 22. Nd2 Rc2 23. Rfe1 Rxe1 24. Qa8+ Bf8 25.
Rxe1 Rxd2 26. Re8 Qd6 27. Qxa5 Qc6+ 0-1

[Event "*** Titled Tuesday Blitz"]
[Site "Chess.com"]
[Date "2020.04.07"]
[Round "1"]
[White "ClockworkKubrick"]
[Black "Neimar24"]
[Result "0-1"]
[WhiteElo "2212"]
[BlackElo "2574"]
[TimeControl "180+1"]
[EndTime "13:06:34 PDT"]
[Termination "Neimar24 won by checkmate"]

1. e4 e6 2. d4 d5 3. Nd2 c5 4. Ngf3 cxd4 5. Nxd4 Nc6 6. Bb5 Bd7 7. Nxc6 bxc6 8. Ba4 Qc7 9. O-O Bd6 10. c4 Bxh2+ 11. Kh1 Bd6 12. cxd5 cxd5 13. exd5 exd5 14. Re1+ Ne7 15.
Bxd7+ Qxd7 16. Qh5 O-O 17. Nf3 Qf5 18. Qxf5 Nxf5 19.
Bd2 Rfe8 20. Bc3 f6 21. Rxe8+ Rxe8 22. Rd1 Ne7 23. Nd4 Kf7 24. Nb5 Bc5 25. Bd4 Bxd4 26.
Nd6+ Kf8 27. Nxe8 Be5 28. Nxf6 Bxf6 29. Kg1 Bxb2 30. Rb1 Bc3 31. Rb7 a5 32. Kf1 Kf7 33.
Ke2 Ke6 34. Kd3 d4 35. g4 Nc6 36. Rxg7 Nb4+ 37. Ke2 d3+ 38. Kd1 Nxa2 39. Rxh7 Bb4 40. f4 Kd5 41. g5 Ke4 42. g6 Nc3+ 43. Kc1 Nd5 44. g7 d2+ 45. Kb2 d1=Q 46. g8=Q Bc3+ 47. Ka3 Bb4+ 48. Ka2 Qc2+ 49. Ka1 Bc3# 0-1

[Event "*** Titled Tuesday Blitz"]
[Site "Chess.com"]
[Date "2020.04.07"]
[Round "1"]
[White "LittlePeasant"]
[Black "Yanidze"]
[Result "0-1"]
[WhiteElo "2784"]
[BlackElo "2448"]
[TimeControl "180+1"]
[EndTime "13:06:36 PDT"]
[Termination "Yanidze won by resignation"]

1. d4 g6 2. c4 Bg7 3. Nf3 c5 4. d5 d6 5. g3 Nf6 6. Bg2 O-O 7. Nc3 e5 8. O-O h6 9. Ne1 Nh5 10. e4 Nd7 11. Nd3 a6 12. Rb1 Rb8 13. b4 cxb4 14.
Rxb4 Qa5 15. Be3 Nhf6 16. Qa4 Qc7 17. Rc1 Ng4 18. Bd2 Nc5 19. Qc2 f5 20. exf5 Bxf5 21. Nxc5 Bxc2 22. Ne6 Qf7 23. f3 Bf5 24. Nxf8 Rxf8 25.
fxg4 Bxg4 26. Ne4 Qd7 27. Rcb1 Rb8 28. c5 dxc5 29. Nxc5 Qe7 30. Nxa6 Rf8 31. Rxg4 bxa6 32. Bb4 Qa7+ 33. Kh1 Rb8 34. Rd1 h5 35. Re4 a5 36.
Be1 Bf8 37. d6 Rd8 38. Rxe5 Rxd6 39. Rxd6 Bxd6 40. Re6 Qd4 41. Rxg6+ Kf7 42. Rg5 Qd1 43. Bd5+ Kf6 44. Kg2 Kxg5 45. h4+ Kf6 46. Bc3+ Ke7 47. Bf3 Qc2+ 0-1

[Event "*** Titled Tuesday Blitz"]
[Site "Chess.com"]
[Date "2020.04.07"]
[Round "1"]
[White "Chesswizard_2007"]
[Black "Alvarov79"]
[Result "1-0"]
[WhiteElo "2649"]
[BlackElo "2315"]
[TimeControl "180+1"]
[EndTime "13:06:36 PDT"]
[Termination "Chesswizard_2007 won by resignation"]

1. d4 Nf6 2. c4 e6 3. Nf3 b6 4.
g3 Ba6 5. b3 Bb4+ 6. Bd2 Be7 7.
Bg2 O-O 8. O-O d5 9. Bc3 Nbd7 10. Nbd2 Rc8 11. Re1 c5 12. e4 cxd4 13. Bxd4 dxe4 14. Nxe4 Nxe4 15. Rxe4 Bb7 16. Re2 Bf6 17. Rd2 Qe7 18.
Qe2 Bxd4 19. Nxd4 Bxg2 20. Kxg2 Nc5 21. Rad1 Qb7+ 22. Qf3 Qxf3+ 23. Kxf3 g6 24. Nc2 Rc7 25. Ne3 Rb8 26. Ng4 Kg7 27. h4 h5 28. Ne5 Kf6 29. Kf4 Ke7 30. b4 Na4 31. Rd7+ Rxd7 32. Rxd7+ Ke8 33. Rxa7 Nc3 34. Nxf7 Ne2+ 35. Ke5 b5 36. c5 1-0

[Event "*** Titled Tuesday Blitz"]
[Site "Chess.com"]
[Date "2020.04.07"]
[Round "1"]
[White "Hikaru"]
[Black "Vyacheslav_N"]
[Result "1-0"]
[WhiteElo "3264"]
[BlackElo "2500"]
[TimeControl "180+1"]
[EndTime "13:06:37 PDT"]
[Termination "Hikaru won on time"]

1. e4 c5 2. Nf3 Nc6 3. Bb5 g6 4. O-O Bg7 5. Re1 Nf6 6. e5 Nd5 7. Nc3 Nc7 8. Bxc6 dxc6 9. d3 O-O 10. h3 Nd5 11. Bd2 h6 12. Ne4 b6 13. c4 Nc7 14.
Qe2 Ne6 15. Rad1 Qc7 16. Bc3 Rd8 17. Qe3 a5 18. a4 Bd7 19. b3 Be8 20. Nh2 Nd4 21.
Ng4 Nf5 22. Qf4 h5 23. Nh2 Nd4 24. Bxd4 Rxd4 25. Nf3 Rd7 26. g4 hxg4 27. hxg4 Rad8 28. Re3 Rd4 29. Nxd4 cxd4 30. Re2 Bxe5 31. Qf3 Bg7 32. Kg2 Bd7 33. Rh1 Qc8 34. Ng5 f6 35. Rxe7 Bxg4 36. Qf4 Bf5 37. Qh4 1-0

[Event "*** Titled Tuesday Blitz"]
[Site "Chess.com"]
[Date "2020.04.07"]
[Round "1"]
[White "ruslansezdbekov"]
[Black "TheKingDoctor"]
[Result "1-0"]
[WhiteElo "2526"]
[BlackElo "2093"]
[TimeControl "180+1"]
[EndTime "13:06:37 PDT"]
[Termination "ruslansezdbekov won by checkmate"]

1. e4 e5 2. Nf3 Nc6 3. Bc4 Bc5 4. c3 Nf6 5. d3 a6 6. O-O O-O 7. b4 Ba7 8. Nbd2 d5 9. exd5 Nxd5 10. Ne4 f6 11. Qb3 Be6 12. Neg5 fxg5 13. Nxg5 Rxf2 14.
Rxf2 Bxf2+ 15. Kh1 b5 16. Nxe6 bxc4 17. Nxd8 cxb3 18.
Nxc6 Nxc3 19. axb3 Rf8 20. Bg5 Bd4 21. g3 h6 22. Be7 Rf2 23. Nxd4 exd4 24. Bc5 Ne2 25.
Rxa6 Kf7 26. Rc6 g5 27. Rxc7+ Ke6 28. b5 g4 29. b6 h5 30. b7 h4 31. b8=Q h3 32.
Qg8+ Kf6 33. Rf7+ Ke5 34. Qg5+ Ke6 35. Re7# 1-0

[Event "*** Titled Tuesday Blitz"]
[Site "Chess.com"]
[Date "2020.04.07"]
[Round "1"]
[White "mc4chess"]
[Black "Schachspielerr"]
[Result "0-1"]
[WhiteElo "2366"]
[BlackElo "2717"]
[TimeControl "180+1"]
[EndTime "13:06:38 PDT"]
[Termination "Schachspielerr won by resignation"]

1. c4 e5 2. Nc3 Nf6 3. Nf3 Nc6 4. g3 Bc5 5. Bg2 d6 6. O-O a6 7. d3 h6 8. a3 O-O 9. b4 Ba7 10. Bb2 Be6 11. h3 Qd7 12. Kh2 Ne7 13. c5 Nc6 14. cxd6 cxd6 15. Rc1 Rac8 16. Qd2 Bb3 17. Ne4 Nd5 18.
Nc3 Nde7 19. b5 axb5 20. Nxb5 Bb8 21. Qc3 Ba4 22. Qc4 Bxb5 23. Qxb5 d5 24. Rc2 Nf5 25.
Rfc1 e4 26. dxe4 dxe4 27. Rd2 Qe6 28. Nd4 Ncxd4 29. Rxd4 Nxd4 30. Rxc8 0-1

[Event "*** Titled Tuesday Blitz"]
[Site "Chess.com"]
[Date "2020.04.07"]
[Round "1"]
[White "Storne89"]
[Black "indfraeng"]
[Result "1-0"]
[WhiteElo "2600"]
[BlackElo "2256"]
[TimeControl "180+1"]
[EndTime "13:06:40 PDT"]
[Termination "Storne89 won by resignation"]

1. e4 e5 2. Nf3 Nc6 3. Bc4 Bc5 4. d3 Nf6 5. a4 h6 6. c3 a5 7. O-O d6 8. Nbd2 O-O 9. h3 Be6 10.
Re1 Re8 11. Bb5 Rf8 12. Qc2 Na7 13. Bc4 c6 14. Bb3 Qc7 15. Nc4 b5 16. axb5 Nxb5 17. Be3 Bxe3 18. Nxe3 Rfb8 19. Bxe6 fxe6 20. d4 exd4 21.
cxd4 d5 22. exd5 cxd5 23. Qg6 Nd6 24. Re2 Nc4 25. Nxc4 dxc4 26. Rae1 Qf7 27. Qc2 Rb6 28. Qxc4 Rab8 29. Ne5 Qe7 30. Nc6 Qc7 31. Rxe6 Kh8 32. d5 Rc8 33. Re7 Qd6 34. Qh4 Qxd5 35. Ne5 Rxb2 36. Nf7+ Kg8 37. Nxh6+ gxh6 38. Qxf6 Qg5 39.
Qf7+ 1-0

[Event "*** Titled Tuesday Blitz"]
[Site "Chess.com"]
[Date "2020.04.07"]
[Round "1"]
[White "Mizner"]
[Black "Hangar-18"]
[Result "0-1"]
[WhiteElo "2549"]
[BlackElo "2313"]
[TimeControl "180+1"]
[EndTime "13:06:40 PDT"]
[Termination "Hangar-18 won by resignation"]

1. e4 e6 2. d4 c5 3. Nd2 cxd4 4. Ndf3 Nc6 5. Nxd4 Nxd4 6. Qxd4 Qc7 7. c4 Nf6 8.
e5 Bc5 9. Qf4 Bb4+ 10. Bd2 Bxd2+ 11. Kxd2 O-O 12. Bd3 b5 13. Rc1 Rb8 14. Ne2 Qa5+ 15. Kd1 bxc4 16. exf6 cxd3 17. Qxb8 dxe2+ 18. Kc2 Qf5+ 19.
Kb3 Ba6 20. Qxa7 Qb5+ 21. Ka3 Qa5+ 22. Kb3 Bc4+ 23. Rxc4 Qxa7 0-1

[Event "*** Titled Tuesday Blitz"]
[Site "Chess.com"]
[Date "2020.04.07"]
[Round "1"]
[White "LikeWater"]
[Black "LilRag"]
[Result "1-0"]
[WhiteElo "2690"]
[BlackElo "2351"]
[TimeControl "180+1"]
[EndTime "13:06:41 PDT"]
[Termination "LikeWater won by checkmate"]

1. e4 c5 2. Nf3 e6 3. Nc3 Nc6 4.
d4 cxd4 5. Nxd4 Nf6 6. Nxc6 bxc6 7. e5 Nd5 8. Ne4 Qc7 9. f4 Qb6 10. c4 Ne3 11. Qd3 Bb4+ 12. Bd2 Bxd2+ 13. Qxd2 O-O 14. c5 Nxf1 15. Rxf1 Qc7 16. Rf3 Rb8 17. Rc1 Ba6 18. Nd6 f6 19. exf6 Rxf6 20. Kf2 Rbf8 21. g4 g5 22. f5 h6 23. h4 gxh4 24. Rh1 Qd8 25. g5 Rxf5 26. Nxf5 Rxf5 27. Rxf5 exf5 28. Rg1 h5 29.
Qd6 Qa5 30. Re1 Qxa2 31. Qg6+ Kf8 32. Re8# 1-0

[Event "*** Titled Tuesday Blitz"]
[Site "Chess.com"]
[Date "2020.04.07"]
[Round "1"]
[White "Sam_ChessMood"]
[Black "Orest_Vovk"]
[Result "1-0"]
[WhiteElo "2914"]
[BlackElo "2469"]
[TimeControl "180+1"]
[EndTime "13:06:42 PDT"]
[Termination "Sam_ChessMood won by checkmate"]

1. e4 Nc6 2. Nf3 d5 3. exd5 Qxd5 4. d4 Bg4 5. Be2 O-O-O 6. Be3 Nf6 7. Nbd2 e6 8. h3 Bh5 9. O-O Bd6 10. c3 Rhg8 11. b4 g5 12. g4 Bxg4 13. hxg4 Nxg4 14. Nc4 Bf4 15. Qd3 b5 16. Ncd2 Nxe3 17. fxe3 g4 18. Ne1 Bg3 19. Qe4 Qh5 20. Qg2 Bd6 21. Ne4 Ne7 22. Nf6 Qh4 23. Qa8# 1-0

[Event "*** Titled Tuesday Blitz"]
[Site "Chess.com"]
[Date "2020.04.07"]
[Round "1"]
[White "Rish_97"]
[Black "SmirnovAlexandrA"]
[Result "1-0"]
[WhiteElo "2553"]
[BlackElo "2171"]
[TimeControl "180+1"]
[EndTime "13:06:42 PDT"]
[Termination "Rish_97 won by resignation"]

1. e4 c5 2. Nf3 d6 3. d4 cxd4 4.
Nxd4 Nf6 5. Nc3 a6 6. f3 e5 7. Nb3 Be6 8. Be3 Be7 9. Qd2 Nbd7 10. O-O-O Qc7 11. g4 b5 12. g5 b4 13. Nd5 Nxd5 14. exd5 Bf5 15. Bd3 Bg6 16. Qxb4 a5 17. Qa4 O-O 18. h4 Rfc8 19. c3 Nb6 20. Qc6 Qxc6 21.
dxc6 Bxd3 22. Rxd3 Rxc6 23. Bxb6 Rxb6 24. Rd5 a4 25. Na1 f6 26. gxf6 gxf6 27. Nc2 Kf7 28. Ne3 Ke6 29. Rhd1 f5 30. f4 Bxh4 31. Nc4 Rba6 32.
Rxd6+ Rxd6 33. Rxd6+ Kf7 34. Nxe5+ Kg7 35. Rd7+ Kg8 36.
Kd2 Bf6 37. b4 axb3 38. axb3 Bxe5 39. fxe5 Re8 40. Rd5 Kf7 41. Ke3 Rg8 42. Kf4 Ke6 43. Rd6+ Ke7 44. Rh6 1-0

[Event "*** Titled Tuesday Blitz"]
[Site "Chess.com"]
[Date "2020.04.07"]
[Round "1"]
[White "politeplayer"]
[Black "kagg1125"]
[Result "1-0"]
[WhiteElo "2189"]
[BlackElo "2536"]
[TimeControl "180+1"]
[EndTime "13:06:42 PDT"]
[Termination "politeplayer won by checkmate"]

1. e4 e5 2. Nc3 Nf6 3. Bc4 Bc5 4. d3 d6 5. f4 Ng4 6. f5 Nf2 7. Qh5 g6 8. fxg6 fxg6 9. Qh6 Nxh1 10. Nd5 c6 11.
Bg5 cxd5 12. Bxd8 Kxd8 13. Bxd5 Nd7 14. O-O-O Rf8 15. Nf3 Nf2 16. Ng5 Be3+ 17. Kb1 Nxd1 18. Ne6+ Ke7 19. Qxh7+ Rf7 20. Qh8 Nb6 21. Qd8# 1-0

[Event "*** Titled Tuesday Blitz"]
[Site "Chess.com"]
[Date "2020.04.07"]
[Round "1"]
[White "HiHaruka"]
[Black "valeriocarnicelli"]
[Result "0-1"]
[WhiteElo "2271"]
[BlackElo "2606"]
[TimeControl "180+1"]
[EndTime "13:06:43 PDT"]
[Termination "valeriocarnicelli won on time"]

1. e4 c5 2. Nf3 Nc6 3. d4 cxd4 4.
Nxd4 Nf6 5. Nc3 e6 6. Be3 a6 7. Nxc6 bxc6 8. Bd3 d5 9. exd5 cxd5 10. Ne2 Bd6 11. Ng3 O-O 12. O-O e5 13. Bf5 d4 14.
Bg5 h6 15. Bxf6 Qxf6 16. Bxc8 Rfxc8 17. Ne4 Qe6 18. Qe2 f5 19. Nxd6 Qxd6 20. Rad1 Rab8 21. c3 Rd8 22. cxd4 exd4 23. Qc4+ Kh8 24. Rd2 Rbc8 25. Qf7 Qf4 26. Rd3 Rc1 27. g3 Rxf1+ 28. Kxf1 Qe4 29.
Qc4 Qh1+ 30. Ke2 Re8+ 31. Kd2 Qe1+ 32. Kc2 Qe2+ 33. Kb3 Rb8+ 34. Ka4 Qe8+ 35. Ka3 Qe7+ 36. b4 a5 37. Rxd4 axb4+ 38. Kb3 Qe1 39. Qc7 Qb1+ 40. Kc4 Qc2+ 0-1

[Event "*** Titled Tuesday Blitz"]
[Site "Chess.com"]
[Date "2020.04.07"]
[Round "1"]
[White "IMinTheWings"]
[Black "kungmongmanh"]
[Result "0-1"]
[WhiteElo "2164"]
[BlackElo "2547"]
[TimeControl "180+1"]
[EndTime "13:06:43 PDT"]
[Termination "kungmongmanh won on time"]

1. c4 Nf6 2. Nc3 e6 3. e4 d6 4.
d4 Be7 5. Be2 O-O 6. Be3 c5 7. d5 exd5 8. cxd5 a6 9. g4 b5 10. g5 Nfd7 11. h4 b4 12. Nb1 f5 13.
exf5 Rxf5 14. Bg4 Rf8 15. Nf3 Nb6 16. Nfd2 Bxg4 17. Qxg4 Qd7 18. Qe4 Rf5 19. a3 Nxd5 20. axb4 cxb4 21. Ra5 Re5 22. Qf3 Qc6 23. O-O Nxe3 24.
Qxc6 Nxc6 25. Rxe5 Nxf1 26. Rxe7 Nxe7 27. Nxf1 Rc8 28.
Nbd2 Rc2 29. Ne4 d5 30. Nd6 Rxb2 31. Ne3 b3 0-1

[Event "*** Titled Tuesday Blitz"]
[Site "Chess.com"]
[Date "2020.04.07"]
[Round "1"]
[White "riconaipe"]
[Black "RobertoRochaMAO"]
[Result "1-0"]
[WhiteElo "2518"]
[BlackElo "2020"]
[TimeControl "180+1"]
[EndTime "13:06:43 PDT"]
[Termination "riconaipe won by checkmate"]

1. d4 d5 2. Nf3 Nf6 3. g3 e6 4. Bg2 Bd6 5. O-O O-O 6. Nbd2 b6 7. c4 Bb7 8. b3 Nbd7 9. Bb2 c5 10. Rc1 cxd4 11. Nxd4 Rc8 12. Qc2 Qe7 13. Qb1 Ba8 14. cxd5 Rxc1 15. Rxc1 Bxd5 16. e4 Ba8 17. Nc6 Bxc6 18.
Rxc6 Ne5 19. Rc1 Nfd7 20. h3 f6 21. Kh2 Nf7 22. Nc4 e5 23. Nxd6 Qxd6 24. Rd1 Qe6 25. Bf1 Kh8 26. Bc4 Qe7 27. Qc1 Ng5 28. Ba3 Nc5 29.
Bd5 Rd8 30. f4 Nf3+ 31. Kg2 Nd4 32. fxe5 fxe5 33. Rf1 h6 34. Rf7 Qe8 35. Bxc5 bxc5 36. Qxc5 Rc8 37. Rc7 Rxc7 38. Qxc7 Qf8 39. Qf7 Qc8 40.
h4 h5 41. Qxh5# 1-0

[Event "*** Titled Tuesday Blitz"]
[Site "Chess.com"]
[Date "2020.04.07"]
[Round "1"]
[White "Paralinch"]
[Black "Usurpov"]
[Result "1-0"]
[WhiteElo "2938"]
[BlackElo "2472"]
[TimeControl "180+1"]
[EndTime "13:06:44 PDT"]
[Termination "Paralinch won by resignation"]

1. e4 c5 2. Nf3 e6 3. d4 cxd4 4. Nxd4 Nf6 5. Nc3 Nc6 6. Ndb5 d6 7. Bf4 e5 8. Bg5 a6 9. Na3 Be6 10. Nc4 Rb8 11. h4 b5 12. Bxf6 gxf6 13. Ne3 Ne7 14. Qf3 b4 15. Ncd5 Nxd5 16. Nxd5 f5 17. exf5 Bxd5 18.
Qxd5 Qb6 19. Bc4 Rb7 20. O-O-O Rg8 21. g3 Rg4 22. Kb1 Bg7 23. Rhe1 Kf8 24. Bb3 Rd4 25. Rxd4 exd4 26. Qe4 Bf6 27. Qf4 Re7 28. Rd1 Kg7 29. g4 a5 30. g5 Be5 31. f6+ 1-0

[Event "*** Titled Tuesday Blitz"]
[Site "Chess.com"]
[Date "2020.04.07"]
[Round "1"]
[White "superstructure"]
[Black "VladDobrov"]
[Result "0-1"]
[WhiteElo "2452"]
[BlackElo "2863"]
[TimeControl "180+1"]
[EndTime "13:06:44 PDT"]
[Termination "VladDobrov won by resignation"]

1. e4 e5 2. Nf3 Nc6 3. Bb5 Nf6 4. d3 Bc5 5. Bxc6 dxc6 6. Qe2 Qe7 7. Nbd2 a5 8. Nc4 Nd7 9. Bd2 a4 10. a3 f6 11. g4 Nb6 12. Na5 Bxg4 13. Nxb7 O-O 14. Rg1 Bh5 15. Nxc5 Qxc5 16. Bb4 Qb5 17. Bxf8 Qxb2 18.
Kd2 Nc4+ 19. dxc4 Rd8+ 20. Qd3 Rxd3+ 21. Kxd3 Bxf3 22. Bc5 Qb8 23. Ke3 Bh5 24. f3 Qc8 25. Rad1 Be8 26. Rd3 Kf7 27. Kd2 Qh3 28. Kc3 Qxh2 29.
Rd8 Qe2 30. Rc8 Qxf3+ 31. Kb4 g5 32. Rxc7+ Kg6 33. Re7 Bf7 34. Kxa4 Qxe4 35. Kb4 Qxc4+ 0-1

[Event "*** Titled Tuesday Blitz"]
[Site "Chess.com"]
[Date "2020.04.07"]
[Round "1"]
[White "LivajaM"]
[Black "Anna_ChessMate"]
[Result "1-0"]
[WhiteElo "2313"]
[BlackElo "2612"]
[TimeControl "180+1"]
[EndTime "13:06:44 PDT"]
[Termination "LivajaM won by checkmate"]

1. d4 d5 2. c4 c6 3. Nf3 Nf6 4. Nc3 dxc4 5. a4 Bf5 6. Bg5 Ne4 7. Bf4 Nd7 8. e3 Qa5 9. Qc1 e5 10. Nxe5 Bb4 11. Nxc4 Nxc3 12. bxc3 Bxc3+ 13. Kd1 Qb4 14. Nd6+ Kd8 15. Nxf5 Bxa1 16. Qxa1 Nf6 17. Bd3 Nd5 18.
Bd6 Qa5 19. e4 Nc3+ 20. Kc2 Nxa4 21. Rb1 g6 22. Bb4 Qc7 23. Nd6 b5 24. Kd2 a5 25.
Bc5 Kd7 26. Qa2 Rhf8 27. g3 Nxc5 28. dxc5 a4 29. Qb2 a3 30. Qd4 Qa5+ 31. Ke3 Kc7 32.
Nxb5+ cxb5 33. Qd6+ Kb7 34. Rxb5+ Qxb5 35. Bxb5 Rfc8 36.
Qb6# 1-0

[Event "*** Titled Tuesday Blitz"]
[Site "Chess.com"]
[Date "2020.04.07"]
[Round "1"]
[White "platy3"]
[Black "Noam_Vitenberg"]
[Result "1-0"]
[WhiteElo "2817"]
[BlackElo "2435"]
[TimeControl "180+1"]
[EndTime "13:06:45 PDT"]
[Termination "platy3 won on time"]

1. e4 c6 2. d4 d5 3. e5 c5 4. dxc5 e6 5. a3 Bxc5 6. Nf3 Nc6 7. b4 Be7 8. Bb2 Nh6 9. Bd3 O-O 10. O-O f5 11. c4 g5 12. cxd5 Qxd5 13. Nc3 Qd8 14.
Nb5 Nf7 15. Nd6 Nfxe5 16. Nxe5 Nxe5 17. Nxc8 Nxd3 18. Nxe7+ Kf7 19. Nxf5 exf5 20. Qb3+ Kg6 21. Rad1 Nf4 22. Rxd8 Raxd8 23. g3 Nh3+ 24. Kg2 g4 25. Qe6+ Kg5 26. Bg7 1-0

[Event "*** Titled Tuesday Blitz"]
[Site "Chess.com"]
[Date "2020.04.07"]
[Round "1"]
[White "angryhorse9"]
[Black "joshdaruca"]
[Result "0-1"]
[WhiteElo "2408"]
[BlackElo "2774"]
[TimeControl "180+1"]
[EndTime "13:06:45 PDT"]
[Termination "joshdaruca won by resignation"]

1. e4 c5 2. Nf3 e6 3. d4 cxd4 4. Nxd4 Nc6 5. Nc3 Qc7 6. Be3 a6 7. Be2 Nf6 8. O-O Be7 9. f4 d6 10.
Qe1 O-O 11. Qg3 d5 12. e5 Ne4 13. Nxe4 dxe4 14. Nxc6 Qxc6 15. c3 b5 16. Qf2 Bb7 17.
Rfd1 g6 18. a3 Rfd8 19. Kf1 h5 20. g3 Kg7 21. h4 a5 22. Rxd8 Rxd8 23. Bb6 Rd2 24.
b4 Qxc3 25. Rb1 axb4 26. axb4 Bxb4 27. Be3 Rb2 28. Rc1 Rc2 29. Rxc2 Qxc2 30. Bxb5 Qd1+ 31.
Kg2 Be1 32. Qe2 Qb1 33. Ba4 Bd5 34. Bc2 Qa1 35. Kh2 Bc3 36. Kg2 Bd4 37. Kf2 f6 38.
exf6+ Bxf6 39. Qd2 Qh1 40. Qe2 Qh2+ 41. Kf1 Qxg3 42.
Qf2 Qxh4 43. Qd2 Qh1+ 44. Ke2 Qf3+ 0-1

[Event "*** Titled Tuesday Blitz"]
[Site "Chess.com"]
[Date "2020.04.07"]
[Round "1"]
[White "Didici"]
[Black "Lord_Neezy"]
[Result "1-0"]
[WhiteElo "2650"]
[BlackElo "2317"]
[TimeControl "180+1"]
[EndTime "13:06:45 PDT"]
[Termination "Didici won on time"]

1. e4 e6 2. d4 d5 3. Bd3 dxe4 4.
Bxe4 Nf6 5. Bf3 Be7 6. Ne2 c5 7. O-O O-O 8. c4 Nbd7 9. Nbc3 cxd4 10. Nxd4 Ne5 11. Be2 Bd7 12. Bf4 Ng6 13. Bg3 a6 14. Qb3 Qc8 15. Bf3 Ra7 16. Rfd1 Rd8 17. Na4 Bxa4 18.
Qxa4 Bc5 19. Nb3 b6 20. Nxc5 bxc5 21. Rxd8+ Qxd8 22. Qc6 e5 23. Qxc5 Rc7 24. Qb6 Qc8 25. b3 h5 26. h4 Rc5 27. Rd1 Kh7 28. Rd8 Qc7 29. Qxc7 Rxc7 30. Ra8 Rd7 31. Rxa6 e4 32.
Be2 Rd2 33. Kf1 1-0

[Event "*** Titled Tuesday Blitz"]
[Site "Chess.com"]
[Date "2020.04.07"]
[Round "1"]
[White "alexwinter25"]
[Black "timator"]
[Result "0-1"]
[WhiteElo "2334"]
[BlackElo "2674"]
[TimeControl "180+1"]
[EndTime "13:06:46 PDT"]
[Termination "timator won by resignation"]

1. e4 c5 2. Nf3 e6 3. d4 cxd4 4. c3 Nf6 5. Bd3 d6 6. O-O Be7 7. cxd4 O-O 8. Nc3 Nc6 9. h3 b6 10. Qe2 Bb7 11. Bf4 Nb4 12. Rfe1 Nxd3 13. Qxd3 d5 14. exd5 Nxd5 15. Nxd5 Qxd5 16. Re5 Qd7 17. Rae1 Rfd8 18. Ng5 Bxg5 19. Bxg5 Qxd4 20. Qxd4 Rxd4 21.
Be7 Rd7 22. Bb4 Rc8 23. a3 Bd5 24. Bc3 f6 25. R5e3 Kf7 26. Rg3 e5 27. Rge3 Bc4 28. f3 Rcd8 29. h4 h5 30. Kf2 a5 31. Kg3 Kg6 32. Kf2 Kf5 33. g3 Rd2+ 34. Bxd2 Rxd2+ 35. Kg1 Rxb2 36. Rc3 Bd5 37. Rd1 Ke6 38. Rcd3 Bc4 39. Rc3 b5 40. a4 Bb3 41. Rc6+ Kf5 42. Rd7 bxa4 43. Rxg7 a3 44. Rf7 Bxf7 45. Ra6 a2 46. Rxa5 Rb1+ 47. Kh2 a1=Q 48. g4+ hxg4 49. fxg4+ Kxg4 0-1

[Event "*** Titled Tuesday Blitz"]
[Site "Chess.com"]
[Date "2020.04.07"]
[Round "1"]
[White "Schachmalanders"]
[Black "hedgehog280"]
[Result "0-1"]
[WhiteElo "2312"]
[BlackElo "2646"]
[TimeControl "180+1"]
[EndTime "13:06:46 PDT"]
[Termination "hedgehog280 won by resignation"]

1. e4 c5 2. Nc3 Nc6 3. g3 g6 4. Bg2 Bg7 5. Nge2 d6 6. d3 h5 7.
Be3 h4 8. h3 hxg3 9. fxg3 Nf6 10.
Qd2 Rb8 11. O-O-O Bd7 12. d4 cxd4 13. Nxd4 Ne5 14. Qe2 b5 15. Rdf1 Nc4 16. Kb1 Nxe3 17.
Qxe3 Qb6 18. Qd3 b4 19. Nce2 Rh5 20. g4 Rc5 21. Nb3 Bb5 22. Qd2 Rc7 23. g5 Nd7 24. Rf4 Rbc8 25. Ned4 a5 26. Bf1 Bc4 27. Bxc4 Rxc4 28.
Rhf1 Bxd4 29. Rxf7 a4 30. Nxd4 Rxd4 31. Qf2 Ne5 32.
Rh7 Rd1+ 33. Rxd1 Qxf2 0-1